Map: Ruins of Seras

Players

Lilbow - Winner!

  • Race: Protoss Protoss

TYTY (TY)

  • Race: Terran Terran
  • League: Diamond

Event: DreamHack ROCCAT LotV Championship

VOD

Have the link to the VOD?

Description

Time

  • Played on: Nov. 26, 2015, 12:10 p.m.
  • Length: 6:33

All games in this series

Show
View Real Time Build Order
Export as new Build Order

Lilbow Protoss - Winner!

Build Orders: 1 Gate Expand 

Get SALT Encoding   

  12  0:01  Probe (Chrono Boost)  
  13  0:11  Probe (Chrono Boost)  
  14  0:17  Pylon  
  14  0:22  Probe (Chrono Boost)  
  15  0:36  Probe (Chrono Boost)  
  15  0:38  Gateway  
  16  0:44  Assimilator  
  16  0:47  Probe (Chrono Boost)  
  17  0:57  Probe (Chrono Boost)  
  18  1:08  Probe (Chrono Boost)  
  19  1:21  Nexus  
  19  1:30  Cybernetics Core  
  19  1:35  Assimilator  
  19  1:39  Probe (Chrono Boost)  
  20  1:46  Pylon  
  20  1:49  Probe (Chrono Boost)  
  21  2:00  Probe (Chrono Boost)  
  22  2:06  Adept  
  24  2:11  Mothership Core (Chrono Boost)  
  24  2:14  Warp Gate (Chrono Boost)  
  26  2:29  Probe (Chrono Boost)  
  27  2:33  Probe (Chrono Boost)  
  27  2:36  Robotics Facility  
  28  2:39  Probe (Chrono Boost)  
  28  2:43  Probe (Chrono Boost)  
  30  2:50  Probe (Chrono Boost)  
  31  2:54  Probe (Chrono Boost)  
  32  3:00  Probe (Chrono Boost)  
  32  3:04  Probe (Chrono Boost)  
  34  3:11  Gateway x2, Probe (Chrono Boost)  
  35  3:15  Probe (Chrono Boost)  
  36  3:21  Probe (Chrono Boost), Observer  
  36  3:26  Stalker  
  40  3:29  Pylon  
  40  3:30  Probe  
  40  3:33  Probe  
  42  3:42  Probe  
  42  3:45  Probe  
  42  3:46  Pylon  
  43  3:54  Probe  
  42  3:57  Probe  
  43  4:03  Immortal  
  43  4:06  Probe  
  48  4:13  Stalker x2  
  48  4:14  Stalker  
  48  4:16  Probe  
  55  4:18  Probe  
  50  4:28  Probe  
  50  4:30  Probe  
  47  4:37  Stalker x2  
  51  4:40  Stalker  
  51  4:44  Probe  
  54  4:46  Probe  
  53  4:56  Probe  
  53  4:58  Probe  
  55  5:01  Stalker x2  
  55  5:06  Pylon  
  59  5:08  Probe  
  61  5:22  Pylon  
  61  5:25  Stalker x3  
  61  5:27  Probe  
  67  5:31  Probe  
  68  5:36  Immortal  
  68  5:37  Pylon  
  68  5:40  Probe  
  73  5:49  Stalker x2  
  77  5:53  Pylon  
  77  5:57  Stalker  
  77  6:12  Stalker  
  77  6:14  Stalker  
Show
View Real Time Build Order
Export as new Build Order

TYTY Terran 

Build Orders: 1/1/1 

Get SALT Encoding   

  12  0:00  SCV  
  13  0:12  SCV  
  14  0:18  Supply Depot  
  14  0:25  SCV  
  15  0:40  SCV  
  15  0:41  Barracks  
  16  0:45  Refinery  
  16  0:52  Refinery  
  16  0:55  SCV  
  17  1:07  SCV  
  18  1:19  SCV  
  19  1:28  Marine  
  20  1:34  Factory  
  20  1:35  Orbital Command  
  20  1:46  Barracks Reactor  
  20  1:50  Supply Depot  
  20  2:01  SCV  
  21  2:13  SCV  
  22  2:19  Factory Tech Lab, Starport  
  22  2:25  Marine x2  
  25  2:37  Siege Tank  
  25  2:41  Supply Depot  
  27  2:45  Marine  
  27  2:46  Marine  
  29  2:55  Medivac  
  30  3:03  Marine  
  30  3:04  Marine  
  32  3:11  Siege Tank  
  35  3:16  Supply Depot  
  35  3:21  Marine  
  35  3:22  Marine  
  37  3:31  Medivac  
  39  3:39  Marine  
  39  3:40  Marine  
  41  3:56  Siege Tank  
  44  4:05  SCV  
  45  4:16  Marine x2  
  39  4:36  Siege Tank  
  39  4:38  Marine x2  
  39  4:39  SCV  
  42  4:52  Medivac  
  43  4:56  Marine x2  
  45  5:07  Supply Depot  
  45  5:14  Marine x2  
  47  5:27  Barracks  
  47  5:29  Siege Tank  
  47  5:32  Marine x2  
  50  5:37  Medivac  
  50  5:41  Supply Depot  
  52  5:46  SCV  
  53  5:50  Marine x2  
  58  6:09  Bunker  
  58  6:12  Bunker  

Tags
 
Add a new tag
Caveats
  • Supply blocks, unpowered buildings, or Contaminate may cause inaccurate times.
  • Supply counts are checked every 10 seconds.